 Dungeon Crawl Stone Soup version 0.32-a0-913-g739538afd8 (webtiles) character file.

Game seed: 15416487894492542386

137 zazu2006 the Shooter (level 5, -1/37 HPs)
             Began as a Gnoll Wanderer on Apr 9, 2024.
             Was an Initiate of Vehumet.
             Slain by Edmund
             ... wielding a +2 dire flail of protection
              (9 damage)
             ... on level 5 of the Dungeon.
             The game lasted 00:03:43 (1215 turns).

zazu2006 the Shooter (Gnoll Wanderer)               Turns: 1215, Time: 00:03:44

Health: -1/37      AC:  2    Str: 11    XL:     5   Next: 20%
Magic:  9/9        EV: 12    Int: 11    God:    Vehumet [......]
Gold:   73         SH:  0    Dex: 14    Spells: 8/10 levels left

rFire   . . .        l - +2 falchion (holy)
rCold   . . .        (no shield)
rNeg    . . .        e - +0 robe
rPois   .            (no helmet)
rElec   .            (no cloak)
rCorr   .            (no gloves)
SInv    .            (no boots)
Will    .....        (no amulet)
Stlth   ++           (no ring)
HPRegen 0.26/turn    (no ring)
MPRegen 0.11/turn

%: no passive effects
@: no status effects
A: fangs 1, strong nose, distributed training
a: Renounce Religion


You were on level 5 of the Dungeon.
You worshipped Vehumet.
Vehumet was noncommittal.
You visited 2 branches of the dungeon, and saw 6 of its levels.

You collected 73 gold pieces.

Inventory:

Hand Weapons
 a - a +2 sling
 c - a +0 dagger
 l - a +2 falchion of holy wrath (weapon)
Missiles
 b - 8 poisoned darts (quivered)
Armour
 e - a +0 robe (worn)
Jewellery
 f - an amulet of reflection
Scrolls
 g - 2 scrolls of fog {unknown}
 h - a scroll of enchant weapon {unknown}
 m - a scroll of immolation {unknown}
 n - a scroll of teleportation {unknown}
 o - a scroll of fear {unknown}
Potions
 i - a potion of might {unknown}
 j - 2 potions of heal wounds {unknown}
 k - a potion of attraction {unknown}


   Skills:
 + Level 1.4 Fighting
 + Level 1.4 Short Blades
 + Level 1.4 Long Blades
 + Level 1.4 Axes
 + Level 1.4 Maces & Flails
 + Level 1.4 Polearms
 + Level 1.4 Staves
 + Level 6.7 Ranged Weapons
 + Level 4.8 Throwing
 + Level 4.8 Armour
 + Level 3.0 Dodging
 + Level 1.4 Stealth
 + Level 1.4 Shields
 + Level 1.4 Unarmed Combat
 + Level 3.1 Spellcasting
 + Level 1.1 Conjurations
 + Level 1.1 Hexes
 + Level 2.4 Summonings
 + Level 1.1 Necromancy
 + Level 1.1 Translocations
 + Level 1.1 Fire Magic
 + Level 1.1 Ice Magic
 + Level 1.1 Air Magic
 + Level 1.1 Earth Magic
 + Level 1.1 Alchemy
 + Level 1.6 Invocations
 + Level 1.4 Evocations
 + Level 1.3 Shapeshifting


You had 8 spell levels left.
You knew the following spells:

 Your Spells              Type           Power      Damage    Failure   Level
a - Summon Small Mammal   Summ           28%        N/A       10%         1
b - Shock                 Conj/Air       16%        1d4       16%         1

Your spell library contained the following spells:

 Spells                   Type           Power      Damage    Failure   Level
 Summon Ice Beast         Ice/Summ       5%         N/A       36%         3
 Hailstorm                Conj/Ice       4%         3d5       43%         3
 Swiftness                Air            4%         N/A       43%         3
 Tukima's Dance           Hex            4%         N/A       43%         3
 Airstrike                Air            2%         2d(1-17)  85%         4
 Passage of Golubria      Tloc           4%         N/A       85%         4
 Yara's Violent Unravell  Hex/Alch       2%         3d3       99%         5
 Permafrost Eruption      Ice/Erth       2%         2x4d2     100%        6
 Sculpt Simulacrum        Ice/Alch       2%         N/A       100%        6


Dungeon Overview and Level Annotations

Branches:
Dungeon (5/15)             Temple (1/1) D:5

Altars:
Ashenzari
Dithmenos
Fedhas
Hepliaklqana
Kikubaaqudgha
Makhleb
Nemelex Xobeh
Qazlal
Ru
Sif Muna
Uskayaw
Vehumet
Wu Jian
Xom
The Shining One

Annotations:
D:5 Edmund


Innate Abilities, Weirdness & Mutations

You have very sharp teeth.
Your uncanny sense of smell can sniff out nearby items.
Your experience applies equally to all skills.


Message History

You throw a poisoned dart. The poisoned dart barely misses Edmund.
Edmund closely misses you.
Unknown command.
Throw: 10 darts (poison)
Press: ? - help, Shift-Dir - straight line, f/p - Edmund
Aim: Edmund, wielding a +2 dire flail of protection and wearing a +0 leather armour (lightly wounded, very poisoned, 57% to hit)
You throw a poisoned dart. The poisoned dart hits Edmund.
Edmund looks even sicker.
Edmund is lightly wounded.
Edmund hits you with a +2 dire flail of protection!
Your +2 falchion of holy wrath softly glows with a divine radiance!
l - a +2 falchion of holy wrath (weapon)
You barely miss Edmund. Your bite misses Edmund.
Edmund is lightly wounded.
Edmund barely misses you.
You barely miss Edmund.
Edmund is lightly wounded.
Edmund says, "A flail is better than a scythe, any day of the week!"
Edmund hits you with a +2 dire flail of protection! x2
* * * LOW HITPOINT WARNING * * *
You hit Edmund.
Edmund is moderately wounded.
Edmund hits you with a +2 dire flail of protection.
* * * LOW HITPOINT WARNING * * *
You fade into invisibility!
Edmund closely misses you.
Edmund says, "I might not be good at magic, but I can still kill you!"
You see here a +0 giant club.
Edmund looks more healthy.
You flicker for a moment.
Edmund says, "I'm quite good with sums, too."
You flicker back into view.
There is a stone staircase leading up here.
Throw: 9 darts (poison)
Press: ? - help, Shift-Dir - straight line, f/p - Edmund
Aim: Edmund, wielding a +2 dire flail of protection and wearing a +0 leather armour (moderately wounded, 57% to hit)
You throw a poisoned dart. The poisoned dart barely misses Edmund.
Edmund hits you with a +2 dire flail of protection!
You die...
Edmund says, "I'd like to see a scythe do that!"

# ##. #.)
##.# #..#
##..#
#...##
###(@@##
##......##
#..####..##
#.## ##..#
#.# #..#
###.# ##.#
###...# ###
#...###
#.###


You could see Edmund.

Vanquished Creatures
  An ogre (D:5)
  An iguana (D:5)
  An adder (D:4)
  A dart slug (D:4)
  2 bats
  An endoplasm (D:4)
  A hobgoblin (D:3)
  A kobold (D:1)
  2 quokkas
  4 ball pythons
  3 frilled lizards
  A rat (D:2)
19 creatures vanquished.

Notes
Turn   | Place    | Note
-------+----------+-------------------------------------------
     0 | D:1      | zazu2006 the Gnoll Wanderer began the quest for the Orb.
     0 | D:1      | zazu2006 set off with the following items: a +2 sling, 12
                  | poisoned darts, a +0 dagger, a potion of invisibility, a +0
                  | robe; and the following spell memorised: Summon Small
                  | Mammal; and the following spells available to memorise:
                  | Summon Ice Beast.
     0 | D:1      | Reached XP level 1. HP: 13/13 MP: 4/4
   154 | D:1      | Learned a level 1 spell: Shock
   409 | D:2      | Reached XP level 2. HP: 19/19 MP: 5/5
   970 | D:4      | Noticed a wyvern
  1008 | D:4      | Reached XP level 3. HP: 25/25 MP: 7/7
  1011 | D:5      | Entered Level 5 of the Dungeon
  1039 | D:5      | Noticed an ogre
  1051 | D:5      | Killed an ogre
  1052 | D:5      | Reached skill level 1 in Fighting
  1052 | D:5      | Reached skill level 1 in Short Blades
  1052 | D:5      | Reached skill level 1 in Long Blades
  1052 | D:5      | Reached skill level 1 in Axes
  1052 | D:5      | Reached skill level 1 in Maces & Flails
  1052 | D:5      | Reached skill level 1 in Polearms
  1052 | D:5      | Reached skill level 1 in Staves
  1052 | D:5      | Reached skill level 1 in Stealth
  1052 | D:5      | Reached skill level 1 in Shields
  1052 | D:5      | Reached skill level 1 in Unarmed Combat
  1052 | D:5      | Reached skill level 1 in Conjurations
  1052 | D:5      | Reached skill level 1 in Hexes
  1052 | D:5      | Reached skill level 1 in Necromancy
  1052 | D:5      | Reached skill level 1 in Translocations
  1052 | D:5      | Reached skill level 1 in Fire Magic
  1052 | D:5      | Reached skill level 1 in Ice Magic
  1052 | D:5      | Reached skill level 1 in Air Magic
  1052 | D:5      | Reached skill level 1 in Earth Magic
  1052 | D:5      | Reached skill level 1 in Alchemy
  1052 | D:5      | Reached skill level 1 in Invocations
  1052 | D:5      | Reached skill level 1 in Evocations
  1052 | D:5      | Reached skill level 1 in Shapeshifting
  1052 | D:5      | Reached XP level 4. HP: 4/32 MP: 8/8
  1058 | D:5      | Found a staircase to the Ecumenical Temple.
  1065 | Temple   | Entered the Ecumenical Temple
  1076 | Temple   | Became a worshipper of Vehumet
  1177 | D:5      | Noticed Edmund
  1186 | D:5      | Reached XP level 5. HP: 37/37 MP: 9/9
  1215 | D:5      | Slain by Edmund

Illustrated notes

Levels and vault maps discovered:
D:1:      minmay_arrival_four_circles, layout_loops_ring,
          kennysheep_small_spiral, corexii_leaking_fountain
D:2:      layout_rooms, ebering_ecumenical_altar_hall, minmay_pentomino_w4,
          uniq_crazy_yiuf_cottage, uniq_robin
D:3:      layout_loops_corners, tgw_trog, serial_shops, shop
D:4:      layout_loops_ring
D:5:      layout_layer_cave, minmay_temple_entry_statues_fountains,
          gammafunk_ghost_cemetery, uniq_edmund, uniq_prince_ribbit1
Temple:   eino_wide_crystal_templ

Skill      XL: |  1  2  3  4 |
---------------+-------------+-----
Summonings     | 2 |  2.4
Fighting       | 1 |  1.4
Short Blades   | 1 |  1.4
Long Blades    | 1 |  1.4
Axes           | 1 |  1.4
Maces & Flails | 1 |  1.4
Polearms       | 1 |  1.4
Staves         | 1 |  1.4
Stealth        | 1 |  1.4
Shields        | 1 |  1.4
Unarmed Combat | 1 |  1.4
Spellcasting   | 3 |  3.1
Conjurations   | 1 |  1.1
Hexes          | 1 |  1.1
Necromancy     | 1 |  1.1
Translocations | 1 |  1.1
Fire Magic     | 1 |  1.1
Ice Magic      | 1 |  1.1
Air Magic      | 1 |  1.1
Earth Magic    | 1 |  1.1
Alchemy        | 1 |  1.1
Invocations    | 1 |  1.6
Evocations     | 1 |  1.4
Shapeshifting  | 1 |  1.3
Dodging        | 3 |  3.0
Ranged Weapons | |  6.7
Throwing       | |  4.8
Armour         | |  4.8

Action                     |  1- 3 |  4- 6 || total
---------------------------+-------+-------++-------
  Melee: Falchion          |     3 |     4 ||     7
         Bite              |     1 |       ||     1
   Fire: Sling             |    44 |     7 ||    51
  Throw: Dart              |     3 |     4 ||     7
    Use: Potion            |       |     1 ||     1
 Armour: Robe              |     6 |     5 ||    11
  Dodge: Dodged            |    12 |     5 ||    17

Table legend: (Time is in decaauts)
 A = Elapsed time spent in this place.
 B = Non-inter-level travel time spent in this place.
 C = Inter-level travel time spent in this place.
 D = Time resting spent in this place.
 E = Time spent auto-exploring this place.
 F = Levels seen in this place.
 G = Mean time per level.
                   A        B        C        D        E       F      G
               +--------+--------+--------+--------+--------+-----+--------+
         Total |   1216 |   1161 |     55 |     84 |    884 |   6 |  202.7 |
       Dungeon |   1111 |   1066 |     45 |      0 |    884 |   5 |  222.2 |
        Temple |    104 |     95 |      9 |     84 |      0 |   1 |  104.0 |
               +--------+--------+--------+--------+--------+-----+--------+

Top non-repeatable levels by time:
     D:3: 514 daAuts
     D:1: 358 daAuts
  Temple: 104 daAuts
     D:5: 99 daAuts
     D:4: 82 daAuts
     D:2: 57 daAuts
